 Dungeon Crawl Stone Soup version 0.28-a0-872-g80cf8599ee (webtiles) character file.

Game seed: 8472521501932386074

309 sanka the Skirmisher (level 6, 0/54 HPs)
             Began as a Palentonga Abyssal Knight on Nov 20, 2021.
             Was a Believer of Lugonu.
             Splashed by a jelly's acid (6 damage)
             ... on level 4 of the Dungeon.
             The game lasted 00:07:11 (4309 turns).

sanka the Skirmisher (Palentonga Abyssal Knight)    Turns: 4309, Time: 00:07:12

Health: 0/54       AC:  0    Str: 19    XL:     6   Next: 17%
Magic:  9/9        EV:  9    Int: 10    God:    Lugonu [**....]
Gold:   66         SH:  0    Dex: 10    Spells: 5/5 levels left

rFire   . . .      SeeInvis +   d - +2 dagger (elec)
rCold   . . .      Faith    .   (no shield)
rNeg    . . .      Spirit   .   b - +0 leather armour
rPois   .          Reflect  .   (no helmet)
rElec   .          Harm     .   (no cloak)
rCorr   .          Rampage  .   (no gloves)
Will    .....                   (no barding)
Stlth   +.........              (no amulet)
HPRegen 0.18/turn               (no ring)
MPRegen 0.11/turn               i - +4 ring of slaying

@: corroded
A: large, rugged brown scales 3, see invisible, deformed body, roll 1, armoured
tail
a: Rolling Charge, Renounce Religion, Depart the Abyss, Bend Space


You were on level 4 of the Dungeon.
You worshipped Lugonu.
Lugonu was pleased with you.
You visited 1 branch of the dungeon, and saw 4 of its levels.
You visited the Abyss 1 time.

You collected 66 gold pieces.


Innate Abilities, Weirdness & Mutations

You are completely covered in rugged brown scales. (AC +3, +7% HP)
You have supernaturally acute eyesight. (SInv)
Armour fits poorly on your strangely shaped body.
You can roll at nearby foes to attack.
You have a long armoured tail.


   Skills:
 + Level 5.1 Fighting
 - Level 2.8 Axes
 - Level 1.5 Armour
 - Level 0.7 Dodging
 + Level 4.9 Invocations


You had 5 spell levels left.
You didn't know any spells.
Your spell library contained the following spells:

 Spells                   Type           Power      Damage    Failure   Level
 Animate Skeleton         Necr           0%         N/A       41%         1
 Pain                     Necr           0%         1d4       41%         1
 Frozen Ramparts          Ice            0%         1d2       80%         3
 Vampiric Draining        Necr           0%         2d6       80%         3
 Ice Form                 Ice/Tmut       0%         N/A       99%         4
 Summon Ice Beast         Ice/Summ       0%         N/A       99%         4

Inventory:

Hand Weapons
 a - a +1 hand axe
 d - a +2 dagger of electrocution (weapon)
 n - a +0 short sword of draining
 o - a +0 whip of distortion
Armour
 b - a +0 leather armour (worn)
 h - a +1 chain mail of fire resistance
Jewellery
 i - a +4 ring of slaying (right hand)
Scrolls
 j - 2 scrolls of noise {unknown}
 k - a scroll of magic mapping {unknown}
 m - 2 scrolls of enchant armour {unknown}
 p - a scroll of identify {unknown}
Potions
 c - a potion of might {unknown}
 e - a potion of magic {unknown}
 f - a potion of brilliance {unknown}
 g - a potion of berserk rage {unknown}
 l - a potion of resistance {unknown}

Dungeon Overview and Level Annotations

Branches:
Dungeon (4/15)             Temple (0/1) D:4

Altars:

Shops:
D:2

!(* .......)......▒▒.▒▒▒▒▒▒▒▒▒
▒.<. ▒▒.....▒▒.▒▒............▒
▒... ▒.....▒...▒............▒
▒... ▒..J..▒...▒............▒
▒...
▒.....▒...▒............▒▒▒▒▒...
▒.....▒..J▒.................▒+▒
▒.....▒...▒.....†...........▒..
▒.....▒...▒.....▒▒▒▒▒▒▒.....▒..
▒.....▒...▒▒▒▒H▒▒.....▒.....▒..
▒..[..▒.......J▒...(..▒.....▒..
▒▒▒▒▒▒...)......▒.....▒..
▒...▒......▒▒▒▒▒▒▒'▒
▒...▒..)............
▒...▒...............
▒▒▒▒▒▒....<.........
▒..........▒▒.. ▒..........▒▒▒▒


You could see a jelly.


Message History

You hit the jelly.
Your hands burn!
* * * LOW HITPOINT WARNING * * *
The jelly is severely wounded.
The jelly closely misses you.
You puncture the jelly! The acid corrodes you!
Your hands burn!
* * * LOW HITPOINT WARNING * * *
The jelly is severely wounded.
The jelly hits you.
* * * LOW HITPOINT WARNING * * *
You are splashed with acid.
* * * LOW HITPOINT WARNING * * *
The jelly hits you.
* * * LOW HITPOINT WARNING * * *
You are splashed with acid!
* * * LOW HITPOINT WARNING * * *
The jelly closely misses you.
You are no longer corroded.
Things that are here:
a +0 dagger; a +0 robe
Okay, then.
There is an open door here.
You see here a +0 whip.
The jelly hits you.
* * * LOW HITPOINT WARNING * * *
The acid corrodes you!
You are splashed with acid.
You die...

Action                   |  1- 3 |  4- 6 || total
-------------------------+-------+-------++-------
Melee: Hand axe          |    12 |       ||    12
       Tailslap          |     7 |    11 ||    18
       Dagger            |    50 |   119 ||   169
Invok: Depart the Abyss  |     1 |       ||     1
 Abil: Rolling Charge    |     2 |     3 ||     5
Armor: Leather armour    |    19 |    37 ||    56
Dodge: Dodged            |    31 |    60 ||    91

Levels and vault maps discovered:
D:1:      ncdulo_wetmaze, layout_loops_ring,
          hellmonk_ecumenical_altar_pennies_from_heaven, serial_forest,
          infiniplex_forest_clump_double, infiniplex_forest_clump_cross,
          infiniplex_forest_lined_room_2, infiniplex_forest_lined_3_way,
          infiniplex_forest_clump_long, infiniplex_forest_side_room,
          infiniplex_forest_straight_4
D:2:      layout_basic, serial_shops, nicolae_shop_waterfront, shop, shop
D:3:      layout_loops_ring, hangedman_abyss_or_decor_lesser_grid
D:4:      layout_gridville, temple_statues

Notes
Turn   | Place    | Note
-------+----------+-------------------------------------------
     0 | Abyss:1  | sanka the Palentonga Abyssal Knight began the quest for the
                  | Orb.
     0 | Abyss:1  | Reached XP level 1. HP: 19/19 MP: 2/2
   329 | Abyss:1  | Noticed a large abomination
   349 | D:1      | Escaped the Abyss
   514 | D:1      | Reached XP level 2. HP: 12/25 MP: 3/3
   905 | D:1      | Found a faded altar of an unknown god.
  1161 | D:1      | Reached * piety under Lugonu
  1800 | D:2      | Reached XP level 3. HP: 28/31 MP: 4/4
  1840 | D:2      | Found Wossoasm's Weapon Shoppe.
  2064 | D:2      | Noticed a necrophage
  2077 | D:2      | Killed a necrophage
  2078 | D:2      | Reached skill level 4 in Fighting
  2078 | D:2      | Reached skill level 3 in Invocations
  2078 | D:2      | Reached XP level 4. HP: 15/39 MP: 6/6
  2269 | D:2      | Found Fyazxipy's General Store.
  2456 | D:2      | Reached XP level 5. HP: 41/44 MP: 7/7
  2474 | D:2      | Found Painlej's Distillery.
  2880 | D:3      | Reached skill level 4 in Invocations
  3345 | D:3      | Reached ** piety under Lugonu
  3734 | D:4      | Found a staircase to the Ecumenical Temple.
  3895 | D:4      | Reached skill level 5 in Fighting
  3927 | D:4      | Reached XP level 6. HP: 35/53 MP: 9/9
  4278 | D:4      | HP: 2/54 [acid (9)]
  4309 | D:4      | Splashed by a jelly's acid

Vanquished Creatures
  A necrophage (D:2)
  A centaur skeleton (D:4)
  An iguana (D:4)
  An orc wizard (D:4)
  6 adders
  2 ufetubi
  3 worms
  A dart slug (D:2)
  2 orcs (D:4)
  7 endoplasms
  5 giant cockroaches
  10 goblins
  3 hobgoblins (D:2)
  4 jackals (D:3)
  2 quokkas
  5 bats
  2 frilled lizards
  12 kobolds
  5 rats
73 creatures vanquished.
